 Dungeon Crawl Stone Soup version 0.22-a0-482-g76e0a5f (webtiles) character file.

181 epen the Cudgeler (level 5, 0/33 HPs)
             Began as a Gargoyle Monk on June 17, 2018.
             Slain by Natasha (1 damage)
             ... on level 3 of the Dungeon.
             The game lasted 00:03:58 (2504 turns).

epen the Cudgeler (Gargoyle Monk)                   Turns: 2504, Time: 00:03:59

Health: 0/33       AC: 10    Str: 12 (15) XL:     5   Next: 61%
Magic:  5/5        EV: 17    Int:  8 (11) God:
Gold:   185        SH:  0    Dex: 10 (12) Spells: 4/4 levels left

rFire    . . .     SeeInvis .   s - +0 dagger (venom)
rCold    . . .     Gourm    .   (no shield)
rNeg     + . .     Faith    .   t - +0 ring mail
rPois    ∞         Spirit   .   (no helmet)
rElec    +         Reflect  .   (no cloak)
rCorr    .         Harm     .   k - +0 pair of gloves
MR       +....                  (no boots)
Stlth    +.........             (no amulet)
HPRegen  0.11/turn              r - +6 ring of evasion
MPRegen  0.09/turn              v - ring of protection from magic

@: hasted, very quick
A: negative energy resistance 1, electricity resistance, unbreathing,
petrification resistance, rot immunity, AC +4
a: no special abilities


You were on level 3 of the Dungeon.
You were not hungry.

You visited 1 branch of the dungeon, and saw 3 of its levels.

You collected 185 gold pieces.

Inventory:

Hand Weapons
 a - a +0 mace
 e - a +0 dagger of venom
 s - a +0 dagger of venom (weapon)
Armour
 b - a +0 robe
 k - a +0 pair of gloves (worn)
 t - a +0 ring mail (worn)
Jewellery
 r - a +6 ring of evasion (left hand)
 v - a ring of protection from magic (right hand)
Scrolls
 d - a scroll of random uselessness {unknown}
 g - a scroll of immolation {unknown}
 h - a scroll of remove curse {unknown}
 i - 2 scrolls of enchant weapon {unknown}
 j - a scroll of enchant armour {unknown}
 l - 5 scrolls of identify {unknown}
 m - a scroll of noise {unknown}
 n - 2 scrolls of amnesia {unknown}
 q - a scroll of fear {unknown}
 u - a scroll of fog {unknown}
 w - a scroll of magic mapping {unknown}
 x - a scroll of blinking {unknown}
Potions
 f - 2 potions of magic
 o - 2 potions of haste
 z - a potion of heal wounds {unknown}
Comestibles
 c - 8 rations
 A - a chunk of flesh


   Skills:
 + Level 4.2 Fighting
 * Level 4.4 Maces & Flails
 + Level 2.2 Armour
 + Level 3.1 Dodging
 - Level 2.1 Stealth


You had 4 spell levels left.
You didn't know any spells.
Your spell library was empty.

Dungeon Overview and Level Annotations

Branches:
Dungeon (3/15)

Altars:
Ashenzari
Elyvilon
Fedhas
Kikubaaqudgha
Makhleb
Nemelex Xobeh
Ru
Wu Jian
Xom

Annotations:
D:3 Natasha


Innate Abilities, Weirdness & Mutations

You are resistant to torment.
Your stone body is resilient. (AC +4)
You are immune to poison.
You resist negative energy. (rN+)
You are resistant to electric shocks. (rElec)
You can survive without breathing.
You are immune to petrification.
You are immune to rotting.


Message History

You start resting.
Natasha, Servant of Life and Death comes into view.
Natasha zaps a wand.
The puff of flame misses you.
It is a wand of flame (17).
You hit Natasha but do no damage.
Natasha is poisoned.
Natasha casts a spell at you. The magic dart hits you!
You hit Natasha but do no damage.
Natasha looks even sicker.
Natasha is lightly wounded.
Natasha zaps a wand.
The puff of flame hits you!
* * * LOW HITPOINT WARNING * * *
It was a potion of magic.
Magic courses through your body. Natasha claws you.
* * * LOW HITPOINT WARNING * * *
It was a potion of haste.
You feel yourself speed up.
Natasha zaps a wand.
The puff of flame hits you!
* * * LOW HITPOINT WARNING * * *
It was a potion of degeneration.
There was something very wrong with that liquid.
You feel weakened.
You feel dopey.
You feel clumsy. Natasha claws you.
You die...

#.P.# #.# #. #...#
#.# #. ##.##
##'#######. #.#
#.......##. #.##
#.......### #..#
#.......#.. ##.##
#.......#.. #..#
#.......#.. ##@##
#.......#.. #h.#
#.......#..
##.#####..........
#....)...........
##...............
#...............
###..####+########
#.......#.#
#.......#.# #


You could see Natasha.

Vanquished Creatures
  Natasha (twice) (D:3)
  A worker ant (D:3)
  3 adders (D:3)
  5 worms
  2 dart slugs
  A leopard gecko (D:2)
  5 goblins
  10 hobgoblins
  11 kobolds
  3 ball pythons
  13 bats
  2 frilled lizards
  8 rats
66 creatures vanquished.

Notes
Turn   | Place    | Note
-------+----------+-------------------------------------------
     0 | D:1      | epen the Gargoyle Monk began the quest for the Orb.
     0 | D:1      | Reached XP level 1. HP: 14/14 MP: 1/1
   287 | D:1      | Reached XP level 2. HP: 15/19 MP: 2/2
   638 | D:1      | Reached skill level 1 in Armour
   645 | D:1      | Reached XP level 3. HP: 23/23 MP: 3/3
   680 | D:1      | Found a sparkling altar of Nemelex Xobeh.
   930 | D:2      | Found an ornate altar of the Wu Jian Council.
  1008 | D:2      | Found a shimmering altar of Xom.
  1547 | D:2      | Found a sacrificial altar of Ru.
  1612 | D:2      | Found a shattered altar of Ashenzari.
  1647 | D:2      | Found an ancient bone altar of Kikubaaqudgha.
  1683 | D:2      | Reached XP level 4. HP: 29/29 MP: 4/4
  2125 | D:3      | Found a burning altar of Makhleb.
  2125 | D:3      | Noticed a green death
  2128 | D:3      | Noticed a ynoxinul
  2128 | D:3      | Noticed an orange demon
  2189 | D:3      | Noticed Natasha
  2198 | D:3      | Killed Natasha
  2198 | D:3      | Reached XP level 5. HP: 27/33 MP: 5/5
  2244 | D:3      | Found a blossoming altar of Fedhas.
  2406 | D:3      | Found a white marble altar of Elyvilon.
  2429 | D:3      | Noticed Natasha
  2444 | D:3      | Killed Natasha
  2494 | D:3      | Noticed Natasha
  2503 | D:3      | HP: 1/33 [Natasha/wand of flame (16) (2)]
  2504 | D:3      | Slain by Natasha

Vault maps used:
D:1:      minmay_arrival_jagged, nemelex_diamond_rough_becter
D:2:      nicolae_overflow_quartered_altars, nicolae_ru_path_of_blood
D:3:      lemuel_doored_altar, makhleb_altar_promises_db, first_ration,
          elyvilon_altar_1, uniq_natasha

Skill      XL: |  1  2  3  4 |
---------------+-------------+-----
Armour         | 1 2 |  2.2
Maces & Flails | 4 |  4.4
Fighting       | 4 |  4.2
Dodging        | 3 |  3.1
Stealth        | |  2.1

Action                   |  1- 3 |  4- 6 || total
-------------------------+-------+-------++-------
Melee: Mace              |     9 |       ||     9
       Dagger            |   141 |    96 ||   237
  Use: Potion            |       |     3 ||     3
 Stab: Sleeping          |     3 |       ||     3
  Eat: Chunk             |     2 |     3 ||     5
Armor: Robe              |    59 |       ||    59
       Ring mail         |    24 |    22 ||    46
Dodge: Dodged            |   122 |    71 ||   193

Table legend:
 A = Spawn XP
 B = Non-spawn XP
 C = Spawn XP percentage of total XP
 D = Spawn monster count
 E = Non-spawn monster count
 F = Spawn count percentage of total count
 G = Total turns spent on level
                    A         B        C        D         E        F      G
               +---------+---------+-------+---------+---------+-------+---------
         Total |       0 |     259 |   0.0 |       0 |      66 |   0.0 |  2504
               +---------+---------+-------+---------+---------+-------+---------
           D:1 |       0 |      41 |   0.0 |       0 |      24 |   0.0 |   883
           D:2 |       0 |      42 |   0.0 |       0 |      19 |   0.0 |   862
           D:3 |       0 |     176 |   0.0 |       0 |      23 |   0.0 |   759
               +---------+---------+-------+---------+---------+-------+---------
